 Dungeon Crawl Stone Soup version 0.20.1-1-g8b1a95d (webtiles) character file.

3047 seb29deBrest the Quickloader (level 10, -1/61 HPs)
             Began as a Kobold Hunter on Nov 12, 2017.
             Was a Priest of Dithmenos.
             Slain by a hippogriff (3 damage)
             ... on level 8 of the Dungeon.
             The game lasted 00:32:06 (7951 turns).

seb29deBrest the Quickloader (Kobold Hunter)        Turns: 7951, Time: 00:32:06

Health: -1/61      AC:  3    Str: 10    XL:     10   Next: 11%
Magic:  10/10      EV: 17    Int: 13    God:    Dithmenos [***...]
Gold:   195        SH:  0    Dex: 18    Spells: 9/9 levels left

rFire    . . .     SeeInvis .   a - +3 hand crossbow
rCold    . . .     Gourm    +   (shield restricted)
rNeg     . . .     Faith    .   c - +0 leather armour
rPois    .         Spirit   .   (no helmet)
rElec    .         Reflect  .   (no cloak)
rCorr    .         Harm     .   (no gloves)
MR       .....                  (no boots)
Stlth    ++++......             x - amulet of the gourmand
Regen    0.2/turn               (no ring)
MPRegen  0.2/turn               (no ring)

@: wreathed by umbra
A: carnivore 3
a: Shadow Step, Renounce Religion


You were on level 8 of the Dungeon.
You worshipped Dithmenos.
Dithmenos was most pleased with you.
You were very full.

You visited 1 branch of the dungeon, and saw 8 of its levels.

You collected 285 gold pieces.
You spent 90 gold pieces at shops.

Inventory:

Hand Weapons
 a - a +3 hand crossbow (weapon)
 b - a +0 short sword
 d - a +2 dagger of protection
 p - a +0 hunting sling
Missiles
 g - 6 bolts (quivered)
 h - 126 stones
 r - 22 sling bullets
Armour
 c - a +0 leather armour (worn)
 e - a +0 leather armour
 i - a +0 helmet
 q - a +0 helmet
 v - a +0 hat
 w - a +0 leather armour
Jewellery
 x - an amulet of the gourmand (around neck)
Wands
 k - a wand of flame (1/48)
 s - a wand of polymorph (12/24)
Scrolls
 j - 4 scrolls of remove curse
 l - 3 scrolls of enchant weapon
 m - a scroll of fear
 u - a scroll of identify
 y - 2 scrolls of immolation {unknown}
 z - a scroll of magic mapping {unknown}
 C - a scroll of amnesia {unknown}
Potions
 n - 3 potions of flight
 A - a potion of brilliance
 B - a potion of haste {unknown}
Comestibles
 f - a meat ration
 t - 2 royal jellies


   Skills:
 * Level 6.9 Fighting
 * Level 5.6 Short Blades
 + Level 3.0 Slings
 + Level 11.0 Crossbows
 + Level 0.4(2.1) Throwing
 + Level 3.1 Armour
 + Level 5.0 Dodging
 + Level 4.5 Stealth
 + Level 0.2 Unarmed Combat


You had 9 spell levels left.
You didn't know any spells.

Dungeon Overview and Level Annotations

Branches:
Dungeon (8/15)             Temple (0/1) D:7
   Lair: D:8-11

Altars:
Dithmenos
Elyvilon
Hepliaklqana
Makhleb
Okawaru
Ru
Trog
Uskayaw
Vehumet
Xom
Yredelemnul
Zin
The Shining One

Shops:
D:4 }


Innate Abilities, Weirdness & Mutations

You are small and have problems with some larger weapons.
You are carnivorous and can eat meat at any time.


Message History

The hippogriff is severely wounded.
The hippogriff closely misses you. The hippogriff pecks you.
* * * LOW HITPOINT WARNING * * *
The hippogriff claws you but does no damage.
Firing (i - inventory. (,) - cycle):
g - 8 bolts (quivered)
Press: ? - help, Shift-Dir - straight line, f/p - hippogriff
Aim: a hippogriff (severely wounded, umbra)
You shoot a bolt. The bolt hits the hippogriff!
The hippogriff is almost dead.
The hippogriff completely misses you. The hippogriff pecks you!
* * * LOW HITPOINT WARNING * * *
The hippogriff closely misses you.
Firing (i - inventory. (,) - cycle):
g - 7 bolts (quivered)
Press: ? - help, Shift-Dir - straight line, f/p - hippogriff
Aim: a hippogriff (almost dead, umbra)
You shoot a bolt. The bolt hits the hippogriff.
The hippogriff is almost dead.
The hippogriff completely misses you. The hippogriff closely misses you.
The hippogriff claws you.
You die...

#.............#
#.###.###.###.#
#.# #.# #.# #.#
#.###.###.# #.#
#.........# #.#
#.###.#####
##.# #.# #.#
#..# #.# #.#
#@## #.# #.#
#H# #.# #.# #o#
#.# #..
####o####.# ###
#.....)o#.###
#.#####o....# #
#(....####<
#........(.
#......####


You could see a hippogriff and 2 orcs.

Vanquished Creatures
  Pikel (D:6)
  The ghost of Linguinho the Covered, a novice DsFi of Cheibriados (D:6)
  A human (D:6)
  Menkaure (D:6)
  The ghost of qwerty47 the Caller, an amateur GrSu (D:3)
  A slave (D:6)
  A black bear (D:7)
  An ice beast (D:7)
  3 ogres
  A bullfrog (D:6)
  5 scorpions
  2 killer bees (D:7)
  2 crimson imps
  A bullfrog zombie (D:6)
  Crazy Yiuf (D:6)
  4 orc priests
  5 hounds
  A bullfrog skeleton (D:5)
  3 iguanas
  6 orc wizards
  4 worker ants
  11 adders
  3 oozes
  An adder zombie (D:7)
  2 worms
  3 dart slugs
  8 leopard geckos
  26 orcs
  7 giant cockroaches
  8 goblins
  10 hobgoblins
  2 jackals (D:1)
  7 kobolds
  4 quokkas
  2 ball pythons
  10 bats
  5 frilled lizards
  A quokka skeleton (D:5)
  10 rats
166 creatures vanquished.

Vanquished Creatures (others)
  3 slaves (D:6)
  A bullfrog (D:6)
  An orc priest (D:6)
  An orc wizard (D:6)
  3 orcs (D:6)
9 creatures vanquished.

Grand Total: 175 creatures vanquished

Notes
Turn   | Place    | Note
-------+----------+-------------------------------------------
     0 | D:1      | seb29deBrest the Kobold Hunter began the quest for the Orb.
     0 | D:1      | Reached XP level 1. HP: 12/12 MP: 1/1
    58 | D:1      | Reached skill level 5 in Crossbows
   127 | D:1      | Reached XP level 2. HP: 18/18 MP: 2/2
   178 | D:1      | Reached XP level 3. HP: 22/22 MP: 3/3
   727 | D:2      | Reached skill level 6 in Crossbows
   870 | D:2      | Reached XP level 4. HP: 27/27 MP: 4/4
   976 | D:2      | Found an iron altar of Okawaru.
   977 | D:2      | Found a bloodstained altar of Trog.
  1347 | D:2      | Found a faded altar of an unknown god.
  1354 | D:2      | Became a worshipper of Dithmenos the Shadowed
  1354 | D:2      | Reached * piety under Dithmenos
  1632 | D:3      | Reached XP level 5. HP: 32/32 MP: 5/5
  1710 | D:3      | Found a glowing golden altar of the Shining One.
  1767 | D:3      | Found a sacrificial altar of Ru.
  2023 | D:3      | Reached skill level 1 in Slings
  2305 | D:3      | Reached XP level 6. HP: 32/37 MP: 6/6
  2323 | D:3      | Found a hazy altar of Hepliaklqana.
  2326 | D:3      | Found a shimmering altar of Xom.
  2326 | D:3      | Noticed a boggart
  2327 | D:3      | Noticed a spectral ugly thing
  2327 | D:3      | Noticed a boggart
  2418 | D:3      | Noticed qwerty47's ghost (amateur GrSu)
  2510 | D:3      | Killed qwerty47's ghost
  2510 | D:3      | Reached ** piety under Dithmenos
  2510 | D:3      | Reached skill level 1 in Short Blades
  3156 | D:3      | Reached skill level 1 in Armour
  3156 | D:3      | Reached XP level 7. HP: 34/41 MP: 7/7
  4309 | D:4      | Noticed a hand axe
  4309 | D:4      | Noticed a dagger
  4318 | D:4      | Found a hide-covered altar of Uskayaw.
  4332 | D:4      | Reached skill level 7 in Crossbows
  4422 | D:4      | Found Laifoyt's Gadget Emporium.
  4749 | D:5      | Entered Level 5 of the Dungeon
  4772 | D:5      | Found a white marble altar of Elyvilon.
  4779 | D:5      | Reached XP level 8. HP: 48/48 MP: 8/8
  4938 | D:5      | Reached skill level 8 in Crossbows
  5477 | D:6      | Noticed Linguinho's ghost (novice DsFi)
  5484 | D:6      | Killed Linguinho's ghost
  5484 | D:6      | Reached skill level 9 in Crossbows
  5541 | D:6      | Found a runed door.
  5541 | D:6      | Noticed a human
  5576 | D:6      | Noticed Pikel
  5616 | D:6      | Killed Pikel
  5616 | D:6      | Reached skill level 5 in Fighting
  5616 | D:6      | Reached skill level 10 in Crossbows
  5616 | D:6      | Reached XP level 9. HP: 34/54 MP: 9/9
  5998 | D:6      | Noticed Menkaure
  6021 | D:6      | Killed Menkaure
  6231 | D:6      | Found a basalt altar of Yredelemnul.
  6527 | D:6      | Reached *** piety under Dithmenos
  6580 | D:6      | Found a runed door.
  6723 | D:6      | Noticed Crazy Yiuf
  6781 | D:6      | Killed Crazy Yiuf
  6894 | D:7      | Found Zin's Purification Station.
  6894 | D:7      | Found a glowing silver altar of Zin.
  6902 | D:7      | Bought a potion of curing for 90 gold pieces
  6999 | D:7      | Reached skill level 5 in Short Blades
  7043 | D:7      | Found a staircase to the Ecumenical Temple.
  7157 | D:7      | Reached XP level 10. HP: 19/61 MP: 10/10
  7749 | D:7      | Reached skill level 11 in Crossbows
  7842 | D:7      | Found a burning altar of Makhleb.
  7845 | D:7      | Found a radiant altar of Vehumet.
  7896 | D:8      | Reached skill level 5 in Dodging
  7950 | D:8      | HP: 2/61 [hippogriff (8)]
  7951 | D:8      | Slain by a hippogriff

Skill      XL: |  1  2  3  4  5  6  7  8  9 10 |
---------------+-------------------------------+-----
Crossbows      | 5 6 7 10 11 | 11.0
Fighting       | 3 4 5 6 |  6.9
Slings         | 2 3 |  3.0
Short Blades   | 1 3 5 |  5.6
Dodging        | 3 4 5 |  5.0
Armour         | 1 2 3 |  3.1
Stealth        | 3 4 |  4.5
Throwing       | |  0.4
Unarmed Combat | |  0.2

Action                   |  1- 3 |  4- 6 |  7- 9 | 10-12 || total
-------------------------+-------+-------+-------+-------++-------
Melee: Hunting sling     |       |     2 |       |       ||     2
       Dagger            |       |   190 |   209 |    45 ||   444
       Unarmed           |       |       |     2 |       ||     2
 Fire: Hand crossbow     |    52 |    50 |   191 |     6 ||   299
       Hunting sling     |       |    47 |       |       ||    47
Throw: Stone             |       |     9 |     4 |       ||    13
Evoke: Wand              |       |       |     3 |       ||     3
  Use: Scroll            |     2 |     6 |     6 |       ||    14
       Potion            |     1 |     7 |     8 |       ||    16
 Stab: Distracted        |       |       |     1 |       ||     1
       Sleeping          |       |       |       |     4 ||     4
  Eat: Chunk             |       |     4 |    11 |       ||    15
       Meat ration       |       |     1 |       |     2 ||     3
Armor: Leather armour    |     3 |    42 |    38 |     6 ||    89
       Skin              |       |    13 |       |       ||    13
Dodge: Dodged            |     9 |   163 |   223 |    44 ||   439
